 Dungeon Crawl Stone Soup version 0.28-a0-872-g80cf8599ee (webtiles) character file.

Game seed: 14458956419098433448

249 siradein the Ducker (level 5, 0/41 HPs)
             Began as a Demonspawn Gladiator on Nov 20, 2021.
             Slain by a phantom (6 damage)
             ... on level 4 of the Dungeon.
             The game lasted 00:06:50 (4226 turns).

siradein the Ducker (Demonspawn Gladiator)          Turns: 4226, Time: 00:06:50

Health: 0/41       AC: 13    Str: 16    XL:     5   Next: 87%
Magic:  5/5        EV: 10    Int:  9    God:
Gold:   163        SH:  0    Dex: 14    Spells: 4/4 levels left

rFire   . . .      SeeInvis .   a - +0 flail
rCold   . . .      Faith    .   (no shield)
rNeg    . . .      Spirit   .   s - +0 chain mail
rPois   .          Reflect  .   c - +0 helmet
rElec   .          Harm     .   (no cloak)
rCorr   .          Rampage  .   (no gloves)
Will    .....                   (no boots)
Stlth   ..........              (no amulet)
HPRegen 0.13/turn               v - ring of flight
MPRegen 0.09/turn               w - +4 ring of protection

@: flying
A: sturdy frame 2
a: no special abilities


You were on level 4 of the Dungeon.
You visited 1 branch of the dungeon, and saw 4 of its levels.

You collected 163 gold pieces.

Inventory:

Hand Weapons
 a - a +0 flail (weapon)
Missiles
 d - 3 throwing nets
 i - 112 stones (quivered)
Armour
 c - a +0 helmet (worn)
 s - a +0 chain mail (worn)
Jewellery
 v - a ring of flight (left hand)
 w - a +4 ring of protection (right hand)
 x - an amulet of regeneration
Wands
 n - a wand of digging (4)
Scrolls
 b - 2 scrolls of identify {unknown}
 f - a scroll of fear {unknown}
 g - 3 scrolls of teleportation {unknown}
 k - 2 scrolls of magic mapping {unknown}
 l - 2 scrolls of amnesia {unknown}
 m - a scroll of acquirement {unknown}
 p - a scroll of enchant weapon {unknown}
 r - a scroll of fog {unknown}
 u - a scroll of enchant armour {unknown}
Potions
 e - 3 potions of curing {unknown}
 h - a potion of lignification {unknown}
 j - a potion of degeneration {unknown}
 o - a potion of cancellation {unknown}
 q - a potion of attraction {unknown}
 t - a potion of berserk rage {unknown}
 z - a potion of invisibility {unknown}


   Skills:
 + Level 3.3 Fighting
 + Level 3.5 Maces & Flails
 + Level 3.0 Throwing
 + Level 2.0 Armour
 + Level 3.6 Dodging


You had 4 spell levels left.
You didn't know any spells.
Your spell library was empty.

Dungeon Overview and Level Annotations

Branches:
Dungeon (4/15)
 Temple: D:4-7

Altars:
Cheibriados
Ru
Xom

Annotations:
D:3 1 runed translucent door, pascalblue's ghost, amateur DECj


Innate Abilities, Weirdness & Mutations

Your movements are less encumbered by armour. (ER -4)


Message History

You hit the phantom.
The phantom is severely damaged.
The phantom barely misses you.
You closely miss the phantom.
The phantom is severely damaged.
The phantom hits you but does no damage.
You barely miss the phantom.
The phantom is severely damaged.
The phantom hits you.
The phantom blinks!
You blink.
The phantom barely misses you.
You hit the phantom.
The phantom is almost destroyed.
The phantom closely misses you.
You barely miss the phantom.
The phantom is almost destroyed.
The phantom hits you.
You are too injured to fight recklessly!
You are too injured to fight recklessly!
You are too injured to fight recklessly!
You are too injured to fight recklessly!
You closely miss the phantom.
The phantom is almost destroyed.
The phantom hits you.
* * * LOW HITPOINT WARNING * * *
The phantom hits you but does no damage.
You miss the phantom.
The phantom is almost destroyed.
The phantom closely misses you.
You hit the phantom but do no damage.
The phantom is almost destroyed.
The phantom hits you.
* * * LOW HITPOINT WARNING * * *
You blink.
You closely miss the phantom.
The phantom is almost destroyed.
The phantom completely misses you.
You barely miss the phantom.
The phantom is almost destroyed.
The phantom hits you.
You die...

#≈#..........# #
#≈#..##'####... #.####
###..##.# #.# #....# #####.#
#.# #.# #####.#####.# ####.#
#.........#.# #....#
#.....###.#.# #.####
#.....#...#.######.#
#.....#.#.#.##@W...#
#............#.#####
#≈≈≈≈..........#...#
....≈........#####.###
.≈≈≈≈........'.# #...#####
.............#.# ###.....#
.<...........#.#####..##.####
....##########.#...#..##....#
#### #.#.#.########.#


You could see a phantom.

Vanquished Creatures
  A bullfrog zombie (D:4)
  A jelly (D:4)
  Ijyb (D:3)
  An iguana (D:3)
  2 adders (D:4)
  4 gnolls
  3 worms
  A dart slug (D:2)
  5 orcs
  7 ball pythons
  3 bats (D:1)
  2 endoplasms
  5 giant cockroaches
  3 goblins
  8 hobgoblins
  3 quokkas
  3 frilled lizards
  11 kobolds
  4 rats
68 creatures vanquished.

Notes
Turn   | Place    | Note
-------+----------+-------------------------------------------
     0 | D:1      | siradein the Demonspawn Gladiator began the quest for the
                  | Orb.
     0 | D:1      | Reached XP level 1. HP: 16/16 MP: 1/1
   250 | D:1      | Gained mutation: Your movements are slightly less
                  | encumbered by armour. (ER -2) [demonic ancestry]
   250 | D:1      | Reached XP level 2. HP: 16/22 MP: 2/2
   494 | D:1      | Found a faded altar of an unknown god.
   583 | D:1      | Gained mutation: Your movements are less encumbered by
                  | armour. (ER -4) [demonic ancestry]
   583 | D:1      | Reached XP level 3. HP: 28/28 MP: 3/3
  1035 | D:2      | Reached skill level 1 in Armour
  1500 | D:2      | Found a shimmering altar of Xom.
  1967 | D:3      | Noticed Ijyb
  1991 | D:3      | Killed Ijyb
  1992 | D:3      | Reached XP level 4. HP: 18/34 MP: 4/4
  2676 | D:3      | Noticed pascalblue's ghost (amateur DECj)
  2684 | D:3      | Found a runed translucent door.
  2926 | D:3      | Found a snail-covered altar of Cheibriados.
  2956 | D:3      | Found a sacrificial altar of Ru.
  3203 | D:3      | Reached XP level 5. HP: 22/40 MP: 5/5
  4207 | D:4      | Noticed a phantom
  4226 | D:4      | Slain by a phantom

Illustrated notes

Levels and vault maps discovered:
D:1:      minmay_arrival_glassed_features, layout_loops_ring,
          ebering_ecumenical_altar_hall
D:2:      layout_loops_ring, basic_altar, kennysheep_big_empty_room,
          kennysheep_generic_room_2
D:3:      layout_loops_ring, mainiacjoe_overflow_catwalk_spiral,
          hellmonk_ghost_happy_afterlife, uniq_ijyb
D:4:      layout_basic, serial_rivers, chequers_serial_rivers_large_a,
          chequers_serial_rivers_micro_a, chequers_serial_rivers_micro_d,
          chequers_serial_rivers_micro_e, chequers_serial_rivers_micro_b

Skill      XL: |  1  2  3  4  5 |
---------------+----------------+-----
Throwing       | 2 3 |  3.0
Maces & Flails | 3 |  3.5
Dodging        | 3 |  3.6
Armour         | 1 2 |  2.0
Fighting       | 3 |  3.3

Action                   |  1- 3 |  4- 6 || total
-------------------------+-------+-------++-------
Melee: Flail             |   118 |   121 ||   239
Throw: Stone             |    11 |    11 ||    22
 Stab: Sleeping          |     4 |       ||     4
Armor: Leather armour    |     9 |       ||     9
       Ring mail         |    31 |    10 ||    41
       Chain mail        |       |    37 ||    37
Dodge: Dodged            |    74 |    77 ||   151

Table legend: (Time is in decaauts)
 A = Elapsed time spent in this place.
 B = Non-inter-level travel time spent in this place.
 C = Inter-level travel time spent in this place.
 D = Time resting spent in this place.
 E = Time spent auto-exploring this place.
 F = Levels seen in this place.
 G = Mean time per level.
                   A        B        C        D        E       F      G
               +--------+--------+--------+--------+--------+-----+--------+
         Total |   4300 |   4149 |    151 |    342 |   3004 |   4 | 1075.0 |
       Dungeon |   4300 |   4149 |    151 |    342 |   3004 |   4 | 1075.0 |
               +--------+--------+--------+--------+--------+-----+--------+

Top non-repeatable levels by time:
     D:3: 1505 daAuts
     D:2: 1009 daAuts
     D:1: 920 daAuts
     D:4: 864 daAuts
